 Dungeon Crawl Stone Soup version 0.31-a0-180-g519b7de00c (webtiles) character file.

Game seed: 3102327471294147379

95 qw the Chopper (level 4, -7/28 HPs)
             Began as a Gargoyle Fighter on June 19, 2023.
             Mangled by Duvessa
             ... wielding a +0 rapier
              (8 damage)
             ... on level 4 of the Dungeon.
             The game lasted 00:01:02 (2373 turns).

qw the Chopper (Gargoyle Fighter)                   Turns: 2373, Time: 00:01:03

Health: -7/28      AC: 19    Str: 21    XL:     4   Next: 66%
Magic:  4/4        EV:  5    Int:  9    God:
Gold:   160        SH:  4    Dex:  9    Spells: 3/3 levels left

rFire   + . .        Y - +0 war axe (freeze)
rCold   + . .        c - +0 buckler
rNeg    + . .        p - +0 plate armour
rPois   inf          n - +0 helmet
rElec   +            g - +1 cloak
rCorr   .            (no gloves)
SInv    .            e - +0 pair of boots
Will    .....        (no amulet) Stlth
                     j - ring of protection from fire
HPRegen 0.24/turn    i - ring of protection from cold
MPRegen 0.09/turn

%: no passive effects
@: about to teleport
A: sickness immunity, AC +3, negative energy resistance 1, electricity
resistance, torment resistance 1, petrification resistance
a: no special abilities


You were on level 4 of the Dungeon.
You visited 1 branch of the dungeon, and saw 4 of its levels.

You collected 160 gold pieces.


Innate Abilities, Weirdness & Mutations

You are immune to sickness and miasma.
Your stone body is resilient. (AC +3)
You are immune to poison.
You resist negative energy. (rN+)
You are resistant to electric shocks. (rElec)
You are resistant to unholy torment.
You are immune to petrification.


   Skills:
 - Level 3.2 Fighting
 + Level 4.3 Axes
 - Level 3.2 Armour
 - Level 3.2 Shields


You had 3 spell levels left.
You didn't know any spells.
Your spell library was empty.

Inventory:

Hand Weapons
 h - a +0 mace
 Y - a +0 war axe of freezing (weapon)
Armour
 c - a +0 buckler (worn)
 e - a +0 pair of boots (worn)
 f - the +1 robe of Icuas {-Tele rCorr Str+7 Stlth+}
   (You found it on level 2 of the Dungeon)

   Str:       It affects your strength (+7).
   -Tele:     It prevents most forms of teleportation.
   rCorr:     It protects you from acid and corrosion.
   Stlth:     It makes you more stealthy.
 g - a +1 cloak (worn)
 n - a +0 helmet (worn)
 p - a +0 plate armour (worn)
Jewellery
 i - a ring of protection from cold (right hand)
 j - a ring of protection from fire (left hand)
Potions
 b - a potion of haste
 d - a potion of might
 k - a potion of lignification
 l - a potion of heal wounds {unknown}
 m - a potion of magic {unknown}
 q - a potion of mutation {unknown}
 r - a potion of curing {unknown}
 s - a potion of experience {unknown}

Dungeon Overview and Level Annotations

Branches:
Dungeon (4/15)
 Temple: D:4-7

Altars:
Dithmenos

Annotations:
D:3 exclusion: goblin
D:4 Dowan, Duvessa


Message History

Duvessa is lightly wounded.
Duvessa hits you but does no damage.
You barely miss Duvessa.
Duvessa is lightly wounded.
Dowan mumbles some strange words.
Dowan blinks!
Duvessa hits you but does no damage. Duvessa hits you with a +0 rapier!
Dowan says, "Magic and the sword, together, will defeat you."
You barely miss Duvessa.
Duvessa is lightly wounded.
Dowan gestures wildly while chanting.
Dowan blinks!
Duvessa hits you but does no damage.
You closely miss Duvessa.
Duvessa is lightly wounded.
Dowan points at Duvessa and mumbles some strange words.
Duvessa seems to speed up.
Duvessa hits you with a +0 rapier!
You hit Duvessa but do no damage.
Duvessa is lightly wounded.
Duvessa says, "Where magic fails, the sword succeeds!"
Duvessa hits you but does no damage. x2
You hit Duvessa. You freeze Duvessa.
Duvessa is moderately wounded.
You barely miss Dowan. Duvessa barely misses you. You block Dowan's attack.
Duvessa hits you with a +0 rapier. Dowan hits you but does no damage.
You slash Duvessa! You freeze Duvessa.
Duvessa is heavily wounded.
You completely miss Dowan.
Duvessa says, "Where magic fails, the sword succeeds!"
Duvessa hits you with a +0 rapier. Dowan hits you but does no damage.
Duvessa hits you but does no damage.
2372 ||| READING scroll of teleportation.
As you read the scroll of teleportation, it crumbles to dust.
You feel strangely unstable. Duvessa hits you but does no damage.
Dowan hits you but does no damage.
You barely miss Duvessa.
Duvessa is heavily wounded.
You hit Dowan. You freeze Dowan. Duvessa hits you with a +0 rapier.
Duvessa hits you with a +0 rapier!
You die...

.##############
......e........ #@e#
#.####
#####....#############
...........'............
#####......#############
#.#....# #.###### #. #


You could see Duvessa (fast) and Dowan.

Vanquished Creatures
  5 adders
  2 dart slugs
  6 endoplasms
  6 goblins (D:3)
  5 hobgoblins
  2 kobolds
  2 quokkas
  3 ball pythons
  9 bats
  A frilled lizard (D:3)
  4 rats
45 creatures vanquished.

Notes
Turn   | Place    | Note
-------+----------+-------------------------------------------
     0 | D:1      | qw the Gargoyle Fighter began the quest for the Orb.
     0 | D:1      | Reached XP level 1. HP: 14/14 MP: 1/1
     0 | D:1      | 0 ||| qw: Version: 0.3-a-7-ge0c9b40
     0 | D:1      | 0 ||| qw: Game counter: 1019
     0 | D:1      | 0 ||| qw: Always use a shield: true
     0 | D:1      | 0 ||| qw: God list: Okawaru
     0 | D:1      | 0 ||| qw: Allow faded altars: false
     0 | D:1      | 0 ||| qw: Do Orc after D:15 true
     0 | D:1      | 0 ||| qw: Do second Lair branch before Depths: true
     0 | D:1      | 0 ||| qw: Lair rune preference: random
     0 | D:1      | 0 ||| qw: Plans: Normal, Zot:1-4, Slime:5, God:TSO, Crypt,
                  | Tomb, Abyss, Pan, Hells, Win
     0 | D:1      | 0 ||| PLANNING D:1-11
   257 | D:1      | Reached skill level 2 in Axes
   437 | D:1      | 437 ||| Stepping ~*~*~tactically~*~*~ (hiding).
   461 | D:1      | Reached XP level 2. HP: 19/19 MP: 2/2
   762 | D:1      | 762 ||| UPGRADING to +0 pair of boots.
   767 | D:1      | 767 ||| UPGRADING to +1 cloak.
   772 | D:1      | 772 ||| UPGRADING to ring of protection from fire.
   773 | D:1      | 773 ||| READING 2 scrolls labelled EVOIGR TOZUUL.
   774 | D:1      | 774 ||| READING scroll of brand weapon.
   774 | D:1      | 774 ||| BRANDING +0 war axe of venom.
   775 | D:1      | 775 ||| READING scroll labelled ECE XIDAYZ.
   776 | D:1      | 776 ||| READING scroll labelled HEZIDU TUSSUZAKI.
   837 | D:2      | Reached skill level 3 in Axes
   837 | D:2      | Reached XP level 3. HP: 23/23 MP: 3/3
   852 | D:2      | Identified the +1 robe of Icuas {-Tele rCorr Str+7 Stlth+}
   871 | D:2      | 871 ||| Stepping ~*~*~tactically~*~*~ (stealth).
   872 | D:2      | 872 ||| Stepping ~*~*~tactically~*~*~ (stealth).
   977 | D:2      | Identified the +1 dagger "Goblinslayer" {elec, Drain rElec
                  | rPois Str+5}
  1172 | D:2      | 1172 ||| Stepping ~*~*~tactically~*~*~ (hiding).
  1173 | D:2      | 1173 ||| Stepping ~*~*~tactically~*~*~ (hiding).
  1175 | D:2      | 1175 ||| Stepping ~*~*~tactically~*~*~ (hiding).
  1338 | D:2      | 1338 ||| DROPPING +0 leather armour of fire resistance.
  1339 | D:2      | 1339 ||| UPGRADING to +0 plate armour.
  1349 | D:2      | 1349 ||| DROPPING +0 scale mail.
  1350 | D:2      | 1350 ||| READING scroll labelled QEG UNWODOEBLO.
  1351 | D:2      | 1351 ||| READING scroll labelled VEINKO VALUYW.
  1356 | D:2      | 1356 ||| READING scroll labelled PUJIEM PUGOA.
  1357 | D:2      | 1357 ||| READING scroll labelled KEAFOSMISOPP.
  1385 | D:3      | 1385 ||| Stepping ~*~*~tactically~*~*~ (stealth).
  1386 | D:3      | 1386 ||| Stepping ~*~*~tactically~*~*~ (stealth).
  1415 | D:3      | 1415 ||| Stepping ~*~*~tactically~*~*~ (stealth).
  1418 | D:3      | 1418 ||| Stepping ~*~*~tactically~*~*~ (stealth).
  1489 | D:3      | Reached XP level 4. HP: 28/28 MP: 4/4
  1652 | D:3      | Reached skill level 4 in Axes
  1699 | D:3      | 1699 ||| Stepping ~*~*~tactically~*~*~ (stealth).
  1943 | D:3      | Found a shadowy altar of Dithmenos.
  2222 | D:3      | 2222 ||| UPGRADING to +0 helmet.
  2227 | D:3      | 2227 ||| UPGRADING to ring of protection from cold.
  2228 | D:3      | 2228 ||| DRINKING 2 black potions.
  2229 | D:3      | 2229 ||| DRINKING 2 amethyst potions.
  2359 | D:4      | Noticed Duvessa
  2360 | D:4      | Noticed Dowan
  2361 | D:4      | 2361 ||| Stepping ~*~*~tactically~*~*~ (stealth).
  2371 | D:4      | HP: 5/28 [Duvessa/+0 rapier (5)]
  2372 | D:4      | 2372 ||| READING scroll of teleportation.
  2373 | D:4      | HP: 1/28 [Duvessa/+0 rapier (5)]
  2373 | D:4      | Mangled by Duvessa

Levels and vault maps discovered:
D:1:      dpeg_arrival_round_b, layout_basic
D:2:      layout_rooms, grunt_ministairs_3
D:3:      layout_basic, grunt_dithmenos_smoke_and_mirrors, minmay_goblin_outpost
D:4:      layout_basic, temple_statues, serial_shops, shop,
          gammafunk_ghost_necromancy, uniq_duvessa

Skill      XL: |  1  2  3  4 |
---------------+-------------+-----
Axes           | 2 3 4 |  4.3
Fighting       | |  3.2
Armour         | |  3.2
Shields        | |  3.2

Action                     |  1- 3 |  4- 6 || total
---------------------------+-------+-------++-------
  Melee: War axe           |    91 |    38 ||   129
    Use: Scroll            |     8 |     1 ||     9
         Potion            |       |     2 ||     2
 Armour: Scale mail        |    38 |       ||    38
         Plate armour      |    28 |    22 ||    50
  Dodge: Dodged            |    30 |     9 ||    39
  Block: Buckler           |    16 |     6 ||    22

Table legend:
 A = Non-vault XP
 B = Vault XP
 C = Vault XP percentage of total XP
 D = Non-vault monster count
 E = Vault monster count
 F = Vault count percentage of total count
                 A         B        C        D         E       F
            +---------+---------+-------+---------+---------+-------
      Total |     130 |       7 |   5.1 |      41 |       4 |   8.9
            +---------+---------+-------+---------+---------+-------
        D:1 |      17 |       0 |   0.0 |       8 |       0 |   0.0
        D:2 |      35 |       2 |   5.4 |      13 |       1 |   7.1
        D:3 |      76 |       5 |   6.2 |      19 |       3 |  13.6
        D:4 |       2 |       0 |   0.0 |       1 |       0 |   0.0
            +---------+---------+-------+---------+---------+-------
